 Dungeon Crawl Stone Soup version 0.29-a0-323-g050149af67 (webtiles) character file.

Game seed: 366237449058513046

3723 kae the Cleaver (level 9, -3/121 HPs)
             Began as a Minotaur Fighter on Apr 10, 2022.
             Was a Follower of Qazlal.
             Slain by a skeletal warrior
             ... wielding a +0 halberd
             ... led by a skeletal warrior
              (5 damage)
             ... on level 7 of the Dungeon.
             The game lasted 00:05:13 (10034 turns).

kae the Cleaver (Minotaur Fighter)                 Turns: 10034, Time: 00:05:13

Health: -3/121     AC: 24    Str: 24    XL:     9   Next: 92%
Magic:  11/11      EV:  2    Int: 13    God:    Qazlal [*.....]
Gold:   318        SH:  7    Dex:  9    Spells: 8/8 levels left

rFire   . . .      SeeInvis .   b - +1 battleaxe (flame)
rCold   . . .      Faith    .   (shield currently unavailable)
rNeg    . . .      Spirit   .   (body armour currently unavailable)
rPois   +          Reflect  +   (helmet currently unavailable)
rElec   .          Harm     .   (cloak currently unavailable)
rCorr   .          Rampage  .   (gloves currently unavailable)
Will    .....      NoTele   +   (boots currently unavailable)
Stlth   +.........              n - amulet of reflection
HPRegen 0.30/turn               e - +6 ring of intelligence
MPRegen 0.12/turn               (no ring)

@: tree-form
A: stationary, stasis, torment immunity, boosted hp, (horns 2), (retaliatory
headbutt)
a: Renounce Religion


You were on level 7 of the Dungeon.
You worshipped Qazlal.
Qazlal was aware of your devotion.
You were a tree.
You visited 2 branches of the dungeon, and saw 9 of its levels.

You collected 318 gold pieces.

Inventory:

Hand Weapons
 a - a +1 war axe of freezing
 b - a +1 battleaxe of flaming (weapon)
Armour
 c - a +0 buckler
 l - a +0 cloak (melded)
 m - a +0 kite shield
 s - a +0 scale mail (melded)
Jewellery
 e - a +6 ring of intelligence (left branch)
 n - an amulet of reflection (around neck)
Wands
 v - a wand of iceblast (8)
Scrolls
 h - 4 scrolls of teleportation
 i - 3 scrolls of identify
 p - a scroll of enchant weapon
 q - 2 scrolls of amnesia
 u - a scroll of vulnerability {unknown}
 w - a scroll of torment {unknown}
Potions
 d - a potion of might
 f - a potion of invisibility
 g - 2 potions of haste
 j - a potion of attraction
 k - 2 potions of flight
 o - 2 potions of cancellation
 r - a potion of lignification
 t - a potion of curing


   Skills:
 + Level 8.1 Fighting
 * Level 10.5 Axes
 + Level 8.1 Armour
 + Level 8.2 Shields
 + Level 4.1 Invocations


You had 8 spell levels left.
You didn't know any spells.
Your spell library contained the following spells:

 Spells                   Type           Power      Damage    Failure   Level
 Pain                     Necr           0%         1d4       30%         1
 Slow                     Hex            0%         N/A       30%         1
 Confusing Touch          Hex            0%         N/A       67%         3
 Tukima's Dance           Hex            0%         N/A       67%         3
 Vampiric Draining        Necr           0%         2d6       67%         3
 Anguish                  Hex/Necr       0%         N/A       97%         4
 Agony                    Necr           0%         N/A       100%        5
 Excruciating Wounds      Necr           0%         N/A       100%        5
 Enfeeble                 Hex            0%         N/A       100%        7


Dungeon Overview and Level Annotations

Branches:
Dungeon (8/15)             Temple (1/1) D:5
   Lair: D:8-11

Altars:
Ashenzari
Cheibriados
Dithmenos
Elyvilon
Fedhas
Gozag
Hepliaklqana
Kikubaaqudgha
Makhleb
Nemelex Xobeh
Okawaru
Qazlal
Ru
Sif Muna
Trog
Uskayaw
Vehumet
Wu Jian
Xom
Yredelemnul
Zin
The Shining One

Shops:
D:1 =

Annotations:
D:7 1 runed translucent door, kal9871's ghost, novice PaFi


Innate Abilities, Weirdness & Mutations

You are a tree.
Your roots penetrate the ground, keeping you stationary.
You cannot be teleported.
You are immune to unholy pain and torment.
Your maximum health is greatly increased.
Your equipment is partially melded.
((You have a pair of horns on your head.))
((You reflexively headbutt those who attack you in melee.))


Message History

You slash the skeletal warrior! You burn the skeletal warrior!
Your headbutt misses the skeletal warrior.
The skeletal warrior is heavily damaged.
The skeletal warrior hits you with a +0 halberd!!
You are too injured to fight recklessly!
You hit the skeletal warrior but do no damage.
You headbutt the skeletal warrior, but do no damage.
The skeletal warrior is heavily damaged.
You block the skeletal warrior's attack.
The skeletal warrior completely misses you.
You hit the skeletal warrior but do no damage.
Your headbutt misses the skeletal warrior.
The skeletal warrior is heavily damaged.
You block the skeletal warrior's attack.
You barely miss the skeletal warrior.
Your headbutt misses the skeletal warrior.
The skeletal warrior is heavily damaged.
The skeletal warrior hits you with a +0 halberd!!
* * * LOW HITPOINT WARNING * * *
You completely miss the skeletal warrior.
The skeletal warrior is heavily damaged.
The skeletal warrior hits you with a +0 halberd!
* * * LOW HITPOINT WARNING * * *
You hit the skeletal warrior but do no damage.
You headbutt the skeletal warrior, but do no damage.
The skeletal warrior is heavily damaged.
The skeletal warrior hits you with a +0 halberd!
* * * LOW HITPOINT WARNING * * *
Okay, then.
It was a potion of lignification.
You turn into a tree.
Your +0 cloak melds into your body.
Your +0 scale mail melds into your body.
Your roots penetrate the ground.
The skeletal warrior is struck by lightning.
The skeletal warrior hits you but does no damage.
You closely miss the skeletal warrior.
The skeletal warrior is heavily damaged.
You block the skeletal warrior's attack.
The skeletal warrior hits you with a +0 halberd.
You die...

.##.....#####......#.#.....÷.##
...................).....#....##
.......[......###....#...##....#
......§.......##....###.......##
..............###....##.......[#
.(.............##.....###..#...##
........#.............#...####...
........#..[##..☼.........# #..#
..##....#..###.z♣........## ##.#.
.###............#<........###..##
.###.........<..#.........#.....#
.......#..##....#................
.......######.............#......
......## ###...##........###....
.......####...#####.......# #....
........##...............## ###.#
........##.....##........# ###


You could see a skeletal warrior.

Vanquished Creatures
  A skeletal warrior (D:7)
  A komodo dragon (D:7)
  A troll (D:7)
  Grinder (D:5)
  An orc warrior (D:8)
  A sky beast (D:5)
  2 black bears
  2 ogres (D:7)
  2 centaurs
  A kobold brigand (D:6)
  2 phantoms
  2 bullfrogs
  2 gnoll sergeants
  2 necrophages
  6 scorpions
  A water moccasin zombie (D:4)
  2 howler monkeys
  2 hounds
  3 jellies
  A gnoll shaman (D:7)
  2 orc priests
  3 iguanas
  3 orc wizards
  A hound zombie (D:4)
  17 gnolls
  4 adders
  4 white imps
  3 ufetubi
  3 dart slugs
  2 worms
  23 orcs
  8 ball pythons
  9 endoplasms
  2 giant cockroaches
  7 goblins
  11 hobgoblins
  5 jackals
  A quokka (D:2)
  5 bats
  9 frilled lizards
  3 kobolds
  4 rats
165 creatures vanquished.

Vanquished Creatures (others)
  3 plants (D:7)
3 creatures vanquished.

Grand Total: 168 creatures vanquished

Notes
Turn   | Place    | Note
-------+----------+-------------------------------------------
     0 | D:1      | kae the Minotaur Fighter began the quest for the Orb.
     0 | D:1      | Reached XP level 1. HP: 19/19 MP: 0/0
   131 | D:1      | Found Peogid's Jewellery Emporium.
   157 | D:1      | Reached XP level 2. HP: 27/27 MP: 1/1
   245 | D:1      | Found a faded altar of an unknown god.
   269 | D:1      | Reached skill level 3 in Axes
   777 | D:2      | Reached XP level 3. HP: 33/33 MP: 2/2
  2133 | D:3      | Reached skill level 4 in Axes
  2133 | D:3      | Reached XP level 4. HP: 13/40 MP: 3/3
  3146 | D:4      | Reached XP level 5. HP: 45/47 MP: 4/4
  3349 | D:4      | Reached skill level 5 in Axes
  3349 | D:4      | Reached XP level 6. HP: 47/55 MP: 5/5
  3395 | D:4      | Found a basalt altar of Yredelemnul.
  3524 | D:4      | Reached skill level 5 in Fighting
  3524 | D:4      | Reached skill level 5 in Armour
  3524 | D:4      | Reached skill level 5 in Shields
  4310 | D:4      | Reached skill level 6 in Axes
  4310 | D:4      | Reached XP level 7. HP: 54/61 MP: 6/6
  4784 | D:5      | Entered Level 5 of the Dungeon
  5177 | D:5      | Noticed Grinder
  5281 | D:5      | Reached skill level 7 in Axes
  5406 | D:5      | Found a staircase to the Ecumenical Temple.
  5510 | D:5      | Reached XP level 8. HP: 46/70 MP: 7/7
  5521 | Temple   | Entered the Ecumenical Temple
  5685 | Temple   | Became a worshipper of Qazlal Stormbringer
  5773 | D:5      | Reached skill level 1 in Invocations
  6178 | D:5      | Killed Grinder
  6179 | D:5      | Reached skill level 8 in Axes
  7307 | D:6      | Reached skill level 9 in Axes
  7307 | D:6      | Reached XP level 9. HP: 72/79 MP: 9/9
  7594 | D:7      | Found a shimmering altar of Xom.
  7594 | D:7      | Found a burning altar of Makhleb.
  7594 | D:7      | Found an ornate altar of the Wu Jian Council.
  7594 | D:7      | Found a hazy altar of Hepliaklqana.
  7617 | D:7      | Found a snail-covered altar of Cheibriados.
  7617 | D:7      | Found a glowing silver altar of Zin.
  7617 | D:7      | Found a sacrificial altar of Ru.
  7618 | D:7      | Found a shadowy altar of Dithmenos.
  7632 | D:7      | Reached * piety under Qazlal
  7971 | D:7      | Found a runed translucent door.
  7974 | D:7      | Noticed kal9871's ghost (novice PaFi)
  8058 | D:7      | Noticed a komodo dragon
  8063 | D:7      | Killed a komodo dragon
  8399 | D:7      | Identified a scroll of acquirement
  8399 | D:7      | Acquired a +1 battleaxe of flaming
  8624 | D:8      | Noticed a troll
  8624 | D:8      | Noticed a skeletal warrior
  8624 | D:8      | Noticed a skeletal warrior
  8625 | D:8      | Noticed a skeletal warrior
  8628 | D:8      | Noticed a skeletal warrior
  8639 | D:7      | Killed a troll
  8640 | D:7      | Reached skill level 10 in Axes
  8852 | D:8      | Noticed a skeletal warrior
  9370 | D:7      | Killed a skeletal warrior
 10032 | D:7      | HP: 1/81 [skeletal warrior/+0 halberd[a skeletal warrior]
                  | (7)]
 10034 | D:7      | Slain by a skeletal warrior

Illustrated notes

Levels and vault maps discovered:
D:1:      tarquinn_simple_flora_water_d, layout_basic,
          ebering_ecumenical_altar_petrified, serial_shops, shop, serial_curves,
          eino_curves_02, eino_curves_03
D:2:      layout_basic, serial_aquarium, aquarium_bridge_long_separate
          [aquarium_subvault_wall, aquarium_subvault_bridge,
          aquarium_subvault_bridge, aquarium_subvault_wall,
          aquarium_subvault_bridge, aquarium_subvault_bridge],
          aquarium_window_1, aquarium_window_fake, aquarium_window_corner,
          aquarium_window_2, aquarium_view_2c, aquarium_pool_2
D:3:      layout_basic
D:4:      layout_layer_cave, lemuel_zombie_altar_yredelemnul
D:5:      layout_basic, minmay_temple_entry_mini_moons, uniq_grinder
D:6:      layout_loops_corners, kennysheep_generic_room_15
D:7:      layout_cave_pools, grunt_temple_overflow_open,
          hellmonk_ghost_happy_afterlife, minmay_lizard_king
D:8:      layout_rooms, st_stairs_5, hangedman_glass_teeth,
          minmay_misc_feat_roman
Temple:   cyrus_circular_temple

Skill      XL: |  1  2  3  4  5  6  7  8  9 |
---------------+----------------------------+-----
Axes           | 3 4 5 6 7 9 10 | 10.5
Fighting       | 4 5 6 7 8 |  8.1
Armour         | 4 5 6 7 8 |  8.1
Shields        | 4 5 6 7 8 |  8.2
Invocations    | 2 4 |  4.1

Action                   |  1- 3 |  4- 6 |  7- 9 || total
-------------------------+-------+-------+-------++-------
Melee: War axe           |    99 |    87 |   275 ||   461
       Headbutt          |     6 |    22 |    50 ||    78
       Battleaxe         |       |       |    13 ||    13
Evoke: Wand              |       |       |     2 ||     2
  Use: Scroll            |     4 |     5 |     9 ||    18
       Potion            |       |     3 |     2 ||     5
Armor: Scale mail        |    48 |    40 |    87 ||   175
       Skin              |       |       |     1 ||     1
Dodge: Dodged            |    42 |    40 |    99 ||   181
Block: Buckler           |    35 |    19 |    19 ||    73
       Kite shield       |       |       |   140 ||   140
       Other             |       |       |     4 ||     4
       Reflection        |       |       |     3 ||     3

Table legend: (Time is in decaauts)
 A = Elapsed time spent in this place.
 B = Non-inter-level travel time spent in this place.
 C = Inter-level travel time spent in this place.
 D = Time resting spent in this place.
 E = Time spent auto-exploring this place.
 F = Levels seen in this place.
 G = Mean time per level.
                   A        B        C        D        E       F      G
               +--------+--------+--------+--------+--------+-----+--------+
         Total |  10128 |   9770 |    358 |   1126 |   7360 |   9 | 1125.3 |
       Dungeon |   9951 |   9607 |    344 |   1126 |   7223 |   8 | 1243.9 |
        Temple |    177 |    164 |     13 |      0 |    137 |   1 |  177.0 |
               +--------+--------+--------+--------+--------+-----+--------+

Top non-repeatable levels by time:
     D:4: 2048 daAuts
     D:6: 1731 daAuts
     D:7: 1559 daAuts
     D:3: 1360 daAuts
     D:5: 1226 daAuts
     D:2: 962 daAuts
     D:1: 773 daAuts
     D:8: 289 daAuts
  Temple: 177 daAuts
